 Dungeon Crawl Stone Soup version 0.20.1-2-g1830e616b0 (webtiles) character file.

3078 StormFighter the Spear-Bearer (level 9, -9/112 HPs)
             Began as a Merfolk Fighter on Sept 14, 2022.
             Was a Priest of Okawaru.
             Mangled by Pikel
             ... wielding a +0 whip of electrocution
              (19 damage)
             ... on level 7 of the Dungeon.
             The game lasted 00:18:32 (8478 turns).

StormFighter the Spear-Bearer (Merfolk Fighter)     Turns: 8478, Time: 00:18:33

Health: -9/112     AC: 24    Str: 19    XL:     9   Next: 89%
Magic:  9/9        EV:  2    Int:  8    God:    Okawaru [***...]
Gold:   320        SH:  9    Dex: 13    Spells: 8/8 levels left

rFire    . . .     SeeInvis .   a - +0 trident
rCold    . . .     Gourm    .   c - +0 shield
rNeg     + + +     Faith    .   (armour currently unavailable)
rPois    +         Spirit   .   (helmet currently unavailable)
rElec    .         Reflect  .   (cloak currently unavailable)
rCorr    .         Harm     .   (gloves currently unavailable)
MR       .....     NoTele   +   (boots currently unavailable)
Stlth    +.........             (no amulet)
Regen    0.3/turn               z - ring of poison resistance
MPRegen  0.2/turn               (no ring)

@: tree-form (expiring), hasted, very quick
A: (change form in water), (swift swim), (stealthy swim)
a: Heroism, Renounce Religion


You were on level 7 of the Dungeon.
You worshipped Okawaru.
Okawaru was most pleased with you.
You were hungry.
You were a tree.
You visited 2 branches of the dungeon, and saw 8 of its levels.

You collected 320 gold pieces.

Inventory:

Hand Weapons
 a - a +0 trident (weapon)
 u - a +0 scythe
Armour
 b - a +0 scale mail (melded)
 c - a +0 shield (worn)
 h - a +0 pair of gloves (melded)
 p - a +0 plate armour
Jewellery
 o - an uncursed amulet of harm {unknown}
 z - a ring of poison resistance (left branch)
 D - an uncursed ring of wizardry {unknown}
Scrolls
 e - a scroll of enchant armour {unknown}
 g - 2 scrolls of magic mapping {unknown}
 i - 2 scrolls of fear {unknown}
 n - 5 scrolls of remove curse {unknown}
 r - a scroll of random uselessness
 s - 4 scrolls of identify {unknown}
 v - a scroll of amnesia {unknown}
 w - a scroll of fog {unknown}
 y - 4 scrolls of blinking {unknown}
 B - a scroll of immolation {unknown}
Potions
 d - 3 potions of might
 k - 5 potions of curing {degen??}
 t - a potion of magic {unknown}
 x - a potion of lignification
Books
 A - a book of Debilitation

   Spells                             Type                      Level
   a - Corona                         Hexes                        1
   b - Slow                           Hexes                        2
   c - Inner Flame                    Hexes/Fire                   3
   d - Portal Projectile              Hexes/Translocation          3
   e - Cause Fear                     Hexes                        4
   f - Leda's Liquefaction            Hexes/Earth                  4
Comestibles
 f - 4 bread rations
 m - 5 royal jellies
 q - 5 meat rations


   Skills:
 + Level 8.4 Fighting
 * Level 14.4 Polearms
 - Level 2.1 Armour
 + Level 5.6 Dodging
 - Level 3.0 Shields


You had 8 spell levels left.
You didn't know any spells.

Dungeon Overview and Level Annotations

Branches:
Dungeon (7/15)             Temple (1/1) D:5

Altars:
Ashenzari
Cheibriados
Dithmenos
Elyvilon
Fedhas
Gozag
Hepliaklqana
Kikubaaqudgha
Makhleb
Nemelex Xobeh
Okawaru
Qazlal
Ru
Sif Muna
Trog
Vehumet
Xom
Yredelemnul
Zin
The Shining One

Shops:
D:4 [   D:6 }:

Annotations:
D:4 Grinder
D:7 Pikel


Message History

You barely miss Pikel.
Pikel is heavily wounded.
Pikel hits you but does no damage.
You closely miss Pikel.
Pikel is heavily wounded.
You hit Pikel but do no damage.
Pikel is heavily wounded.
Pikel hits you but does no damage.
You completely miss Pikel.
Pikel is heavily wounded.
You closely miss Pikel.
Pikel is heavily wounded.
Pikel hits you but does no damage.
You are electrocuted!
* * * LOW HITPOINT WARNING * * *
You hit Pikel.
Pikel is heavily wounded.
You barely miss Pikel.
Pikel is heavily wounded.
Pikel hits you but does no damage.
You are electrocuted!
You die...

####.#####+#.#.....#
#.#.. #.. #.#.#
#.#.. ##?
#.#.############.#..
.
#....'..)#.......#..
#.#p##.#%#########..
#.#p# # ........ #
#p# ######.. #K#
........ #♣#
#.#####. . #.#.## #.
..#.... #. #.#...##
#. #.#...# #######.
#.#...# ........
###.....### ######..
## #.........# #..
.# #....# #..


You could see Pikel and 3 slaves.

Vanquished Creatures
  A spriggan (D:7)
  Sigmund (D:2)
  A yak (D:7)
  Menkaure (D:7)
  Edmund (D:5)
  3 sky beasts (D:5)
  A necrophage (D:7)
  An orc warrior (D:6)
  2 ice beasts
  A phantom (D:5)
  A centaur (D:5)
  2 ogres
  2 bullfrogs
  A gnoll sergeant (D:5)
  4 killer bees (D:6)
  2 howler monkeys
  5 crimson imps
  A bullfrog zombie (D:6)
  2 bullfrog skeletons (D:5)
  4 orc priests
  2 hounds
  6 orc wizards
  5 worker ants
  8 adders
  3 gnolls (D:5)
  2 shadow imps
  An ooze (D:5)
  An adder skeleton (D:5)
  6 worms
  A dart slug (D:1)
  2 leopard geckos (D:3)
  19 orcs
  3 giant cockroaches
  6 goblins
  8 hobgoblins
  10 jackals
  4 quokkas
  7 bats
  6 frilled lizards
  A jackal zombie (D:5)
  8 kobolds
  2 quokka skeletons (D:4)
  A quokka zombie (D:5)
  8 rats
157 creatures vanquished.

Notes
Turn   | Place    | Note
-------+----------+-------------------------------------------
     0 | D:1      | StormFighter the Merfolk Fighter began the quest for the Orb.
     0 | D:1      | Reached XP level 1. HP: 18/18 MP: 1/1
    81 | D:1      | Reached XP level 2. HP: 18/24 MP: 2/2
   218 | D:1      | Reached skill level 4 in Polearms
   459 | D:1      | Reached XP level 3. HP: 14/29 MP: 3/3
   827 | D:2      | Found a hazy altar of Hepliaklqana.
  1120 | D:2      | Found a bloodstained altar of Trog.
  1173 | D:2      | Found a burning altar of Makhleb.
  1173 | D:2      | Found a glowing silver altar of Zin.
  1178 | D:2      | Noticed an angel
  1178 | D:2      | Noticed a green death
  1212 | D:2      | Reached skill level 5 in Polearms
  1427 | D:2      | Reached XP level 4. HP: 37/37 MP: 4/4
  1673 | D:2      | Noticed Sigmund
  1688 | D:2      | Killed Sigmund
  1688 | D:2      | Reached skill level 7 in Polearms
  1688 | D:2      | Reached XP level 5. HP: 39/43 MP: 5/5
  1688 | D:2      | Reached XP level 6. HP: 45/49 MP: 6/6
  1706 | D:2      | Found a sparkling altar of Nemelex Xobeh.
  2190 | D:3      | Found a glowing golden altar of the Shining One.
  2593 | D:3      | Reached skill level 8 in Polearms
  2949 | D:3      | Reached skill level 5 in Fighting
  3104 | D:4      | Reached skill level 9 in Polearms
  3104 | D:4      | Reached XP level 7. HP: 47/56 MP: 7/7
  3250 | D:4      | Noticed Grinder
  3263 | D:4      | Paralysed by Grinder for 6 turns
  3596 | D:4      | Found Owkeb's Antique Armour Shop.
  3620 | D:4      | Noticed a hippogriff
  4101 | D:4      | Paralysed by Grinder for 7 turns
  4499 | D:5      | Entered Level 5 of the Dungeon
  4524 | D:5      | Found a white marble altar of Elyvilon.
  4542 | D:5      | Found a staircase to the Ecumenical Temple.
  4553 | Temple   | Entered the Ecumenical Temple
  4584 | Temple   | Became a worshipper of Warmaster Okawaru
  4641 | Temple   | Reached skill level 10 in Polearms
  5261 | D:5      | Found a shadowy altar of Dithmenos.
  5286 | D:5      | Reached * piety under Okawaru
  5286 | D:5      | Reached XP level 8. HP: 51/64 MP: 8/8
  5326 | D:5      | Reached skill level 11 in Polearms
  5385 | D:5      | Found a shimmering altar of Xom.
  5385 | D:5      | Noticed Edmund
  5397 | D:5      | Killed Edmund
  5549 | D:5      | Reached skill level 1 in Dodging
  5603 | D:5      | You fall through a shaft!
  5745 | D:6      | Found Ciolouh's Book Boutique.
  5809 | D:6      | Reached skill level 12 in Polearms
  6027 | D:5      | Found a sacrificial altar of Ru.
  6249 | D:5      | Reached XP level 9. HP: 58/72 MP: 9/9
  6319 | D:5      | Found a stormy altar of Qazlal.
  6514 | D:5      | Reached ** piety under Okawaru
  6705 | D:6      | Reached skill level 13 in Polearms
  7759 | D:6      | Found Idwa's Gadget Shop.
  8042 | D:7      | Noticed Menkaure
  8051 | D:7      | Killed Menkaure
  8061 | D:7      | Reached skill level 14 in Polearms
  8061 | D:7      | Reached skill level 5 in Dodging
  8084 | D:7      | Reached *** piety under Okawaru
  8387 | D:7      | Noticed Pikel
  8429 | D:7      | HP: 4/112 [spriggan baker/dagger (6)]
  8435 | D:7      | HP: 5/112 [spriggan baker/dagger (6)]
  8478 | D:7      | Mangled by Pikel

Skill      XL: |  1  2  3  4  5  6  7  8  9 |
---------------+----------------------------+-----
Polearms       | 4 5 7 9 10 12 14 | 14.4
Fighting       | 4 5 6 7 8 |  8.4
Dodging        | 3 5 |  5.6
Armour         | |  2.1
Shields        | |  3.0

Action                   |  1- 3 |  4- 6 |  7- 9 || total
-------------------------+-------+-------+-------++-------
Melee: Trident           |   172 |   109 |   552 ||   833
Throw: Throwing net      |       |     2 |       ||     2
  Use: Scroll            |       |       |     4 ||     4
       Potion            |       |       |     4 ||     4
  Eat: Chunk             |     2 |     5 |    11 ||    18
       Fruit             |       |       |     2 ||     2
       Bread ration      |       |       |     1 ||     1
Armor: Scale mail        |    78 |    28 |    97 ||   203
       Skin              |       |       |    13 ||    13
Dodge: Dodged            |    34 |    12 |    95 ||   141
Block: Shield            |    77 |    32 |   151 ||   260
